Workbook

Sheet Macro-commandes
A1: =#REF! -> #REF! | C1: Administration communale de:
A3: Gestion informatique du document. | B3: Commandes :
A5: Cliquez sur la commande>>>
C7: Enregistré

Sheet Coordonnées
A1: Synthèse du Budget | G1: Administration communale de Welkenraedt | U1: Code INS | V1: 63084
U2: Exercice: | V2: =R27 -> 2026
A3: Modèle officiel généré par l'application eComptes © SPW Intérieur et Action Sociale | U3: Version: | V3: 2
G7: S Y N T H È S E du B U D G E T_x000D_ I N I T I A L
G11: Module informatisé de publication des budgets annuels
C17: Administration communale de : | J17: WELKENRAEDT
C19: Adresse de l'administration: | J19: rue de l'Ecole 8
J20: 4840 WELKENRAEDT
J21: www.welkenraedt.be
C23: Date d’arrêt du budget par le conseil: | J23: 18/12/2025
C25: Date d'approbation de la Tutelle: | J25: 22/01/2026
C27: Type document: | J27: Budget | O27: Exercice: | R27: 2026
C29: Directeur Général: | J29: Isabelle SCHIFFLERS
C30: Tél: | J30: 087899185
C31: Fax:
C32: Email: | J32: isabelle.schifflers@4840.be
C34: Directeur Financier: | J34: Viorica CIUREAN
C35: Tél: | J35: 087899.182
C36: Fax:
C37: Email: | J37: viorica.ciurean@4840.be

Sheet Résultats
A1: Synthèse des Comptes | G1: =Coordonnées!G1 -> Administration communale de Welkenraedt | W1: =Coordonnées!$U$1 -> Code INS | X1: =Coordonnées!V1 -> 63084
W2: =Coordonnées!$U$2 -> Exercice: | X2: =Coordonnées!V2 -> 2026
A3: Modèle officiel généré par l'application eComptes © SPW Intérieur et Action Sociale | W3: =Coordonnées!$U$3 -> Version: | X3: =Coordonnées!V3 -> 2
H6: Evolution du résultat budgétaire ordinaire
H7: =Coordonnées!$J$27 -> Budget | K7: =Coordonnées!$J$27 -> Budget | N7: =Coordonnées!$J$27 -> Budget | Q7: =Coordonnées!$J$27 -> Budget | T7: =Coordonnées!$J$27 -> Budget
A8: Exercices: | H8: =K8-1 -> 2022 | K8: =N8-1 -> 2023 | N8: =Q8-1 -> 2024 | Q8: =T8-1 -> 2025 | T8: =X2 -> 2026
A9: Résultats Exercice Propre* | H9: ='Ordinaire GE'!H26-'Ordinaire GE'!H15 -> 32899.73 | K9: ='Ordinaire GE'!K26-'Ordinaire GE'!K15 -> 22614.62 | N9: ='Ordinaire GE'!N26-'Ordinaire GE'!N15 -> 42488.98 | Q9: ='Ordinaire GE'!Q26-'Ordinaire GE'!Q15 -> 91658.16 | T9: ='Ordinaire GE'!T26-'Ordinaire GE'!T15 -> 47861.64
A10: Résultat global* (avec exercices antérieurs et prélèvements) | H10: ='Ordinaire GE'!H29-'Ordinaire GE'!H18 -> 20768.35 | K10: ='Ordinaire GE'!K29-'Ordinaire GE'!K18 -> 30330.2 | N10: ='Ordinaire GE'!N29-'Ordinaire GE'!N18 -> 194437.11 | Q10: ='Ordinaire GE'!Q29-'Ordinaire GE'!Q18 -> 38079.78 | T10: ='Ordinaire GE'!T29-'Ordinaire GE'!T18 -> 23021.13
A11: * Montant arrondi à l'euro

Sheet Ordinaire GE
A1: Synthèse des Comptes | G1: =Coordonnées!G1 -> Administration communale de Welkenraedt | W1: =Coordonnées!$U$1 -> Code INS | X1: =Coordonnées!V1 -> 63084
W2: =Coordonnées!$U$2 -> Exercice: | X2: =Coordonnées!V2 -> 2026
A3: Modèle officiel généré par l'application eComptes © SPW Intérieur et Action Sociale | W3: =Coordonnées!$U$3 -> Version: | X3: =Coordonnées!V3 -> 2
H6: Ventilation économique des dépenses et des recettes ordinaires
H7: =Coordonnées!$J$27 -> Budget | K7: =Coordonnées!$J$27 -> Budget | N7: =Coordonnées!$J$27 -> Budget | Q7: =Coordonnées!$J$27 -> Budget | T7: =Coordonnées!$J$27 -> Budget
H8: Dépenses ordinaires (Prévisions)
A9: Exercices: | H9: =K9-1 -> 2022 | K9: =N9-1 -> 2023 | N9: =Q9-1 -> 2024 | Q9: =T9-1 -> 2025 | T9: =X2 -> 2026
A10: Personnel | H10: 6957211.3 | I10: 5512664.3 | J10: 5512664.3 | K10: 7620812.8 | L10: 5512664.3 | M10: 5512664.3 | N10: 8160687 | O10: 5512664.3 | P10: 5512664.3 | Q10: 8632717.3 | R10: 5512664.3 | S10: 5512664.3 | T10: 8986746.8 | U10: 5512664.3 | V10: 5512664.3
A11: Fonctionnement | H11: 1918740.7 | I11: 2726342.7 | J11: 2726342.7 | K11: 2222856.8 | L11: 2726342.7 | M11: 2726342.7 | N11: 2155997.8 | O11: 2726342.7 | P11: 2726342.7 | Q11: 2341051 | R11: 2726342.7 | S11: 2726342.7 | T11: 2655945.8 | U11: 2726342.7 | V11: 2726342.7
A12: Transferts | H12: 3714082.2 | I12: 4264832 | J12: 4264832 | K12: 3885663.5 | L12: 4264832 | M12: 4264832 | N12: 4249070.2 | O12: 4264832 | P12: 4264832 | Q12: 4327809.6 | R12: 4264832 | S12: 4264832 | T12: 4582825.6 | U12: 4264832 | V12: 4264832
A13: Dette | H13: 1255817.3 | I13: 41563.69 | J13: 41563.69 | K13: 1302829.2 | L13: 41563.69 | M13: 41563.69 | N13: 1501175.1 | O13: 41563.69 | P13: 41563.69 | Q13: 1702997.7 | R13: 41563.69 | S13: 41563.69 | T13: 1618060.6 | U13: 41563.69 | V13: 41563.69
A14: Prélèvements (hors 060) | H14: 0 | I14: 0 | J14: 0 | K14: 188000 | L14: 0 | M14: 0 | N14: 0 | O14: 0 | P14: 0 | Q14: 67500 | R14: 0 | S14: 0 | T14: 30822.02 | U14: 0 | V14: 0
A15: Total (exercice propre)* | H15: =SUM(H10:H14) -> 13845852 | K15: =SUM(K10:K14) -> 15220162 | N15: =SUM(N10:N14) -> 16066930 | Q15: =SUM(Q10:Q14) -> 17072076 | T15: =SUM(T10:T14) -> 17874401
A16: Exercices antérieurs | H16: 62131.38 | I16: 1521059 | J16: 2351270.7 | K16: 91300.59 | L16: 1659060.8 | M16: 1521059 | N16: 102.99 | O16: 2230351.9 | P16: 1659060.8 | Q16: 3500 | R16: 2351270.7 | S16: 2230351.9 | T16: 16632.66 | U16: 2351270.7 | V16: 2230351.9
A17: Prélèvements | H17: 0 | I17: 1192323.5 | J17: 824300.6 | K17: 294691.42 | L17: 4295659.9 | M17: 1192323.5 | N17: 440000 | O17: 1045347.1 | P17: 4295659.9 | Q17: 585000 | R17: 824300.6 | S17: 1045347.1 | T17: 575000 | U17: 824300.6 | V17: 1045347.1
A18: Total général* | H18: =SUM(H15:H17) -> 13907983 | K18: =SUM(K15:K17) -> 15606154 | N18: =SUM(N15:N17) -> 16507033 | Q18: =SUM(Q15:Q17) -> 17660576 | T18: =SUM(T15:T17) -> 18466034
A19: * Montant arrondi à l'euro
H20: Recettes ordinaires (Prévisions)
A21: Exercices: | H21: =K21-1 -> 2022 | K21: =N21-1 -> 2023 | N21: =Q21-1 -> 2024 | Q21: =T21-1 -> 2025 | T21: =X2 -> 2026
A22: Prestation | H22: 713609.52 | I22: 373432.17 | J22: 697745.74 | K22: 805219.38 | L22: 373432.17 | M22: 697745.74 | N22: 863086.65 | O22: 373432.17 | P22: 697745.74 | Q22: 883243.29 | R22: 373432.17 | S22: 697745.74 | T22: 1039027.3 | U22: 373432.17 | V22: 697745.74
A23: Transferts | H23: 12327935 | I23: 12728583 | J23: 13240575 | K23: 14174125 | L23: 12728583 | M23: 13240575 | N23: 14367048 | O23: 12728583 | P23: 13240575 | Q23: 14918475 | R23: 12728583 | S23: 13240575 | T23: 15369332 | U23: 12728583 | V23: 13240575
A24: Dette | H24: 137206.63 | I24: 548784.99 | J24: 408005.67 | K24: 141432.41 | L24: 548784.99 | M24: 408005.67 | N24: 362484.49 | O24: 548784.99 | P24: 408005.67 | Q24: 348868.36 | R24: 548784.99 | S24: 408005.67 | T24: 483611.38 | U24: 548784.99 | V24: 408005.67
A25: Prélèvements | H25: 700000 | I25: 0 | J25: 0 | K25: 122000 | L25: 0 | M25: 0 | N25: 516800 | O25: 0 | P25: 0 | Q25: 1013147.3 | R25: 0 | S25: 0 | T25: 1030292.4 | U25: 0 | V25: 0
A26: Total (exercice propre)* | H26: =SUM(H22:H25) -> 13878751 | K26: =SUM(K22:K25) -> 15242777 | N26: =SUM(N22:N25) -> 16109419 | Q26: =SUM(Q22:Q25) -> 17163734 | T26: =SUM(T22:T25) -> 17922263
A27: Exercices antérieurs | H27: 0 | I27: 6001218.3 | J27: 5811470.1 | K27: 393707.59 | L27: 6001218.3 | M27: 5811470.1 | N27: 592051.12 | O27: 6001218.3 | P27: 5811470.1 | Q27: 314594.62 | R27: 6001218.3 | S27: 5811470.1 | T27: 486465.15 | U27: 6001218.3 | V27: 5811470.1
A28: Prélèvements | H28: 50000 | I28: 0 | J28: 0 | K28: 0 | L28: 0 | M28: 0 | N28: 0 | O28: 0 | P28: 0 | Q28: 220327 | R28: 0 | S28: 0 | T28: 80327 | U28: 0 | V28: 0
A29: Total général* | H29: =SUM(H26:H28) -> 13928751 | K29: =SUM(K26:K28) -> 15636484 | N29: =SUM(N26:N28) -> 16701470 | Q29: =SUM(Q26:Q28) -> 17698655 | T29: =SUM(T26:T28) -> 18489055
A30: * Montant arrondi à l'euro

Sheet Extraordinaire GE
A1: Synthèse des Comptes | G1: =Coordonnées!G1 -> Administration communale de Welkenraedt | W1: =Coordonnées!$U$1 -> Code INS | X1: =Coordonnées!$V$1 -> 63084
W2: =Coordonnées!$U$2 -> Exercice: | X2: =Coordonnées!$V$2 -> 2026
A3: Modèle officiel généré par l'application eComptes © SPW Intérieur et Action Sociale | W3: =Coordonnées!$U$3 -> Version: | X3: =Coordonnées!$V$3 -> 2
H6: Ventilation économique des dépenses et des recettes extraordinaires
H7: =Coordonnées!$J$27 -> Budget | K7: =Coordonnées!$J$27 -> Budget | N7: =Coordonnées!$J$27 -> Budget | Q7: =Coordonnées!$J$27 -> Budget | T7: =Coordonnées!$J$27 -> Budget
H8: Dépenses extraordinaires (Prévisions)
A9: Exercices: | H9: =K9-1 -> 2022 | K9: =N9-1 -> 2023 | N9: =Q9-1 -> 2024 | Q9: =T9-1 -> 2025 | T9: =X2 -> 2026
A10: Transferts | H10: 37407.67 | I10: 5512664.3 | J10: 5512664.3 | K10: 51415.15 | L10: 5512664.3 | M10: 5512664.3 | N10: 24170 | O10: 5512664.3 | P10: 5512664.3 | Q10: 500125.68 | R10: 5512664.3 | S10: 5512664.3 | T10: 160934 | U10: 5512664.3 | V10: 5512664.3
A11: Investissements | H11: 2206784.7 | I11: 2726342.7 | J11: 2726342.7 | K11: 3523970.1 | L11: 2726342.7 | M11: 2726342.7 | N11: 6817570.8 | O11: 2726342.7 | P11: 2726342.7 | Q11: 2291559.2 | R11: 2726342.7 | S11: 2726342.7 | T11: 2875031.4 | U11: 2726342.7 | V11: 2726342.7
A12: Dette | H12: 37186.36 | I12: 4264832 | J12: 4264832 | K12: 37186.36 | L12: 4264832 | M12: 4264832 | N12: 66966.82 | O12: 4264832 | P12: 4264832 | Q12: 133016.82 | R12: 4264832 | S12: 4264832 | T12: 56634.05 | U12: 4264832 | V12: 4264832
A13: Prélèvements | H13: 0 | I13: 41563.69 | J13: 41563.69 | K13: 0 | L13: 41563.69 | M13: 41563.69 | N13: 0 | O13: 41563.69 | P13: 41563.69 | Q13: 0 | R13: 41563.69 | S13: 41563.69 | T13: 0 | U13: 41563.69 | V13: 41563.69
H14: 0 | I14: 0 | J14: 0 | K14: 0 | L14: 0 | M14: 0 | N14: 0 | O14: 0 | P14: 0 | Q14: 0 | R14: 0 | S14: 0 | T14: 0 | U14: 0 | V14: 0
A15: Total (exercice propre)* | H15: =SUM(H10:H14) -> 2281378.8 | K15: =SUM(K10:K14) -> 3612571.6 | N15: =SUM(N10:N14) -> 6908707.6 | Q15: =SUM(Q10:Q14) -> 2924701.7 | T15: =SUM(T10:T14) -> 3092599.5
A16: Exercices antérieurs | H16: 2762643.4 | I16: 1521059 | J16: 2351270.7 | K16: 814854.69 | L16: 1659060.8 | M16: 1521059 | N16: 1760517.6 | O16: 2230351.9 | P16: 1659060.8 | Q16: 381000 | R16: 2351270.7 | S16: 2230351.9 | T16: 347997.12 | U16: 2351270.7 | V16: 2230351.9
A17: Prélèvements | H17: 179719.88 | I17: 1192323.5 | J17: 824300.6 | K17: 323471.61 | L17: 4295659.9 | M17: 1192323.5 | N17: 324682.5 | O17: 1045347.1 | P17: 4295659.9 | Q17: 55000 | R17: 824300.6 | S17: 1045347.1 | T17: 554512.45 | U17: 824300.6 | V17: 1045347.1
A18: Total général* | H18: =SUM(H15:H17) -> 5223742 | K18: =SUM(K15:K17) -> 4750897.9 | N18: =SUM(N15:N17) -> 8993907.7 | Q18: =SUM(Q15:Q17) -> 3360701.7 | T18: =SUM(T15:T17) -> 3995109
A19: * Montant arrondi à l'euro
H20: Recettes extraordinaires (Prévisions)
A21: Exercices: | H21: =K21-1 -> 2022 | K21: =N21-1 -> 2023 | N21: =Q21-1 -> 2024 | Q21: =T21-1 -> 2025 | T21: =X2 -> 2026
A22: Transferts | H22: 581936.79 | I22: 373432.17 | J22: 697745.74 | K22: 1110009.4 | L22: 365967.42 | M22: 373432.17 | N22: 1305485.3 | O22: 414709.37 | P22: 365967.42 | Q22: 170050 | R22: 697745.74 | S22: 414709.37 | T22: 653215.81 | U22: 557211.56 | V22: 577850.16
A23: Investissements | H23: 45971.61 | I23: 12728583 | J23: 13240575 | K23: 180971.61 | L23: 12120372 | M23: 12728583 | N23: 135000 | O23: 12941518 | P23: 12120372 | Q23: 5000 | R23: 13240575 | S23: 12941518 | T23: 5000 | U23: 13289627 | V23: 13396094
A24: Dette | H24: 1276390.4 | I24: 548784.99 | J24: 408005.67 | K24: 1522287.1 | L24: 536819.05 | M24: 548784.99 | N24: 3606798.6 | O24: 344975.81 | P24: 536819.05 | Q24: 1124617.8 | R24: 408005.67 | S24: 344975.81 | T24: 2149721 | U24: 128208.39 | V24: 26303.797
A25: Prélèvements | H25: 0 | I25: 0 | J25: 0 | K25: 0 | L25: 0 | M25: 0 | N25: 0 | O25: 0 | P25: 0 | Q25: 0 | R25: 0 | S25: 0 | T25: 0 | U25: 0 | V25: 0
A26: Total (exercice propre)* | H26: =SUM(H22:H25) -> 1904298.8 | K26: =SUM(K22:K25) -> 2813268.1 | N26: =SUM(N22:N25) -> 5047283.8 | Q26: =SUM(Q22:Q25) -> 1299667.8 | T26: =SUM(T22:T25) -> 2807936.8
A27: Exercices antérieurs | H27: 2204833.1 | K27: 364997.21 | L27: 10122962 | M27: 6628334.6 | N27: 1035877.9 | O27: 6248838.2 | P27: 10122962 | Q27: 40000 | R27: 6834216 | S27: 6248838.2 | T27: 2959.12 | U27: 6001218.3 | V27: 5811470.1
A28: Prélèvements | H28: 1114610.2 | I28: 0 | J28: 0 | K28: 1572632.6 | L28: 0 | M28: 0 | N28: 2910746 | O28: 0 | P28: 0 | Q28: 2021033.9 | R28: 0 | S28: 0 | T28: 1184213.1 | U28: 0 | V28: 0
A29: Total général* | H29: =SUM(H26:H28) -> 5223742 | K29: =SUM(K26:K28) -> 4750897.9 | N29: =SUM(N26:N28) -> 8993907.7 | Q29: =SUM(Q26:Q28) -> 3360701.7 | T29: =SUM(T26:T28) -> 3995109
A30: * Montant arrondi à l'euro

Sheet DO fonctions
A1: =Coordonnées!A1 -> Synthèse du Budget | E1: =Coordonnées!G1 -> Administration communale de Welkenraedt | I1: =Coordonnées!$U$1 -> Code INS | J1: =Coordonnées!$V$1 -> 63084
I2: =Coordonnées!$U$2 -> Exercice: | J2: =Coordonnées!$V$2 -> 2026
A3: =Coordonnées!A3 -> Modèle officiel généré par l'application eComptes © SPW Intérieur et Action Sociale | I3: =Coordonnées!$U$3 -> Version: | J3: =Coordonnées!$V$3 -> 2
E4: Ventilation fonctionnelle
E5: Evolution des dépenses ordinaires (exercice propre)
E6: =Coordonnées!$J$27 -> Budget | F6: =Coordonnées!$J$27 -> Budget | G6: =Coordonnées!$J$27 -> Budget | H6: =Coordonnées!$J$27 -> Budget | I6: =Coordonnées!$J$27 -> Budget
E7: =F7-1 -> 2022 | F7: =G7-1 -> 2023 | G7: =H7-1 -> 2024 | H7: =I7-1 -> 2025 | I7: =J2 -> 2026
A8: 0 Recettes et dépenses générales | E8: 156476.58 | F8: 465187.61 | G8: 591257.87 | H8: 735242.59 | I8: 736525
A9: 1 Administration générale | E9: 3088091.4 | F9: 3576331.7 | G9: 3782650.9 | H9: 4351127.6 | I9: 4703918.4
A10: 3 Sécurité | E10: 1324668.4 | F10: 1395740.9 | G10: 1479715.1 | H10: 1518928.9 | I10: 1500846.5
A11: 4 Voiries-communications | E11: 2220881.4 | F11: 2370898.6 | G11: 2457988.5 | H11: 2650120.9 | I11: 2699788.5
A12: 5 Industrie - commerce | E12: 96609.65 | F12: 98371.9 | G12: 112268.83 | H12: 115278.16 | I12: 116874.91
A13: 6 Sylviculture- Agriculture | E13: 710 | F13: 60 | G13: 710 | H13: 710 | I13: 710
A14: 70>75 Enseignement | E14: 1335514.5 | F14: 1518717.3 | G14: 1585189.7 | H14: 1683219.9 | I14: 1900264.8
A15: 76>77 Culture et sports | E15: 1228802.8 | F15: 1396498.5 | G15: 1416208.5 | H15: 1467544 | I15: 1470852.5
A16: 78 Radio, télévision, presse | E16: 0 | F16: 0 | G16: 0 | H16: 0 | I16: 0
A17: 79 Culte | E17: 29438.13 | F17: 33260.52 | G17: 38507.12 | H17: 30494.94 | I17: 20287.51
A18: 80>86 Action Sociale | E18: 3107969.1 | F18: 3400809 | G18: 3736539.3 | H18: 3707280.2 | I18: 3845884.3
A19: 87 Santé publique et hygiène | E19: 1268148.3 | F19: 1233552.4 | G19: 1276093.8 | H19: 1366940.8 | I19: 1414863.9
... A21: 93 Aménagement du territoire | E21: 9902.75 | F21: 17633.63 | G21: 21953.89 | H21: 22341.17 | I21: 25824.66

Sheet RO fonctions
A1: =Coordonnées!A1 -> Synthèse du Budget | E1: =Coordonnées!G1 -> Administration communale de Welkenraedt | I1: =Coordonnées!$U$1 -> Code INS | J1: =Coordonnées!$V$1 -> 63084
I2: =Coordonnées!$U$2 -> Exercice: | J2: =Coordonnées!$V$2 -> 2026
A3: =Coordonnées!A3 -> Modèle officiel généré par l'application eComptes © SPW Intérieur et Action Sociale | I3: =Coordonnées!$U$3 -> Version: | J3: =Coordonnées!$V$3 -> 2
E4: Ventilation fonctionnelle
E5: Evolution des recettes ordinaires (exercice propre)
E6: =Coordonnées!$J$27 -> Budget | F6: =Coordonnées!$J$27 -> Budget | G6: =Coordonnées!$J$27 -> Budget | H6: =Coordonnées!$J$27 -> Budget | I6: =Coordonnées!$J$27 -> Budget
E7: =F7-1 -> 2022 | F7: =G7-1 -> 2023 | G7: =H7-1 -> 2024 | H7: =I7-1 -> 2025 | I7: =J2 -> 2026
A8: 0 Recettes et dépenses générales | E8: 10545423 | F8: 12564870 | G8: 12966140 | H8: 13432405 | I8: 13891141
A9: 1 Administration générale | E9: 178033.16 | F9: 176685.77 | G9: 315588.22 | H9: 694062.7 | I9: 730789.39
A10: 3 Sécurité | E10: 204818.2 | F10: 72521.99 | G10: 135937.3 | H10: 130529.06 | I10: 172033.56
A11: 4 Voiries-communications | E11: 333968.85 | F11: 73060.55 | G11: 188140.01 | H11: 186604.35 | I11: 200279.59
A12: 5 Industrie - commerce | E12: 344967.15 | F12: 371652.15 | G12: 529496.96 | H12: 500409.12 | I12: 637687.84
A13: 6 Sylviculture- Agriculture | E13: 0 | F13: 0 | G13: 0 | H13: 0 | I13: 0
A14: 70>75 Enseignement | E14: 695327.73 | F14: 652769.9 | G14: 749249.78 | H14: 795946.03 | I14: 921989.49
A15: 76>77 Culture et sports | E15: 187170.68 | F15: 250960.84 | G15: 275561.15 | H15: 299891.15 | I15: 269056.3
A16: 78 Radio, télévision, presse | E16: 0 | F16: 0 | G16: 0 | H16: 0 | I16: 0
A17: 79 Culte | E17: 0 | F17: 0 | G17: 0 | H17: 0 | I17: 0
A18: 80>86 Action Sociale | E18: 1023534 | F18: 1063065.1 | G18: 1139084.8 | H18: 1275562.8 | I18: 1301750.4
A19: 87 Santé publique et hygiène | E19: 405508.85 | F19: 320466.45 | G19: 397271.77 | H19: 378245.58 | I19: 359327.07
... A21: 93 Aménagement du territoire | E21: 10000 | F21: 10000 | G21: 5000 | H21: 5000 | I21: 5000

Sheet DE fonctions
A1: =Coordonnées!A1 -> Synthèse du Budget | E1: =Coordonnées!G1 -> Administration communale de Welkenraedt | I1: =Coordonnées!$U$1 -> Code INS | J1: =Coordonnées!$V$1 -> 63084
I2: =Coordonnées!$U$2 -> Exercice: | J2: =Coordonnées!$V$2 -> 2026
A3: =Coordonnées!A3 -> Modèle officiel généré par l'application eComptes © SPW Intérieur et Action Sociale | I3: =Coordonnées!$U$3 -> Version: | J3: =Coordonnées!$V$3 -> 2
E4: Ventilation fonctionnelle
E5: Evolution des dépenses extraordinaires (exercice propre)
E6: =Coordonnées!$J$27 -> Budget | F6: =Coordonnées!$J$27 -> Budget | G6: =Coordonnées!$J$27 -> Budget | H6: =Coordonnées!$J$27 -> Budget | I6: =Coordonnées!$J$27 -> Budget
E7: =F7-1 -> 2022 | F7: =G7-1 -> 2023 | G7: =H7-1 -> 2024 | H7: =I7-1 -> 2025 | I7: =J2 -> 2026
A8: 0 Recettes et dépenses générales | E8: 179719.88 | F8: 323471.61 | G8: 324682.5 | H8: 55000 | I8: 554512.45
A9: 1 Administration générale | E9: 64554 | F9: 226970 | G9: 258070 | H9: 327470 | I9: 160150
A10: 3 Sécurité | E10: 0 | F10: 0 | G10: 0 | H10: 0 | I10: 0
A11: 4 Voiries-communications | E11: 1102900 | F11: 1133945.6 | G11: 982315.75 | H11: 1211103.6 | I11: 2013201.4
A12: 5 Industrie - commerce | E12: 0 | F12: 48000 | G12: 0 | H12: 0 | I12: 0
A13: 6 Sylviculture- Agriculture | E13: 0 | F13: 0 | G13: 0 | H13: 0 | I13: 0
A14: 70>75 Enseignement | E14: 93920 | F14: 278500 | G14: 3259650 | H14: 810834.41 | I14: 181800
A15: 76>77 Culture et sports | E15: 520680.72 | F15: 1705184.7 | G15: 2236305 | H15: 77000 | I15: 590450
A16: 78 Radio, télévision, presse | E16: 15000 | F16: 0 | G16: 0 | H16: 0 | I16: 0
A17: 79 Culte | E17: 29367.52 | F17: 21800 | G17: 27900 | H17: 132776.81 | I17: 28264
A18: 80>86 Action Sociale | E18: 59350 | F18: 86314.82 | G18: 48500 | H18: 137050 | I18: 39600
A19: 87 Santé publique et hygiène | E19: 395606.51 | F19: 111856.51 | G19: 95966.82 | H19: 128466.82 | I19: 79134.05
... A21: 93 Aménagement du territoire | E21: 0 | F21: 0 | G21: 0 | H21: 100000 | I21: 0

Sheet RE fonctions
A1: =Coordonnées!A1 -> Synthèse du Budget | E1: =Coordonnées!G1 -> Administration communale de Welkenraedt | I1: =Coordonnées!$U$1 -> Code INS | J1: =Coordonnées!$V$1 -> 63084
I2: =Coordonnées!$U$2 -> Exercice: | J2: =Coordonnées!$V$2 -> 2026
A3: =Coordonnées!A3 -> Modèle officiel généré par l'application eComptes © SPW Intérieur et Action Sociale | I3: =Coordonnées!$U$3 -> Version: | J3: =Coordonnées!$V$3 -> 2
E4: Ventilation fonctionnelle
E5: Evolution des recettes extraordinaires (exercice propre)
E6: =Coordonnées!$J$27 -> Budget | F6: =Coordonnées!$J$27 -> Budget | G6: =Coordonnées!$J$27 -> Budget | H6: =Coordonnées!$J$27 -> Budget | I6: =Coordonnées!$J$27 -> Budget
E7: =F7-1 -> 2022 | F7: =G7-1 -> 2023 | G7: =H7-1 -> 2024 | H7: =I7-1 -> 2025 | I7: =J2 -> 2026
A8: 0 Recettes et dépenses générales | E8: 1413399 | F8: 1661772.7 | G8: 3008108.3 | H8: 2071033.9 | I8: 1728925.5
A9: 1 Administration générale | E9: 47371.61 | F9: 365971.61 | G9: 320000 | H9: 130000 | I9: 65000
A10: 3 Sécurité | E10: 0 | F10: 0 | G10: 0 | H10: 0 | I10: 0
A11: 4 Voiries-communications | E11: 888951.25 | F11: 380956.79 | G11: 747000 | H11: 711103.3 | I11: 1620086.7
A12: 5 Industrie - commerce | E12: 0 | F12: 48000 | G12: 0 | H12: 0 | I12: 0
A13: 6 Sylviculture- Agriculture | E13: 0 | F13: 0 | G13: 0 | H13: 0 | I13: 0
A14: 70>75 Enseignement | E14: 47000 | F14: 205000 | G14: 1753752.6 | H14: 0 | I14: 53000
A15: 76>77 Culture et sports | E15: 598475.9 | F15: 1770799.7 | G15: 2219031.2 | H15: 127637.68 | I15: 517637.68
A16: 78 Radio, télévision, presse | E16: 15000 | F16: 0 | G16: 0 | H16: 0 | I16: 0
A17: 79 Culte | E17: 7500 | F17: 7500 | G17: 7500 | H17: 105876.81 | I17: 7500
A18: 80>86 Action Sociale | E18: 0 | F18: 35040 | G18: 0 | H18: 75050 | I18: 0
A19: 87 Santé publique et hygiène | E19: 300000 | F19: 0 | G19: 0 | H19: 0 | I19: 0
... A21: 93 Aménagement du territoire | E21: 0 | F21: 0 | G21: 0 | H21: 100000 | I21: 0
F55: 4174160.9
F64: 4174160.9

Sheet Commentaires
A1: =[1]Coordonnées!A1 -> Synthèse du Budget | D1: =[1]Coordonnées!D1 -> Administration communale de | J1: =[1]Coordonnées!J1 -> WELKENRAEDT | P1: =[1]Coordonnées!P1 -> Code INS | R1: =[1]Coordonnées!R1 -> 63084
P2: =[1]Coordonnées!P2 -> Exercice: | R2: 2026
A3: =[1]Coordonnées!A3 -> Modèle officiel généré par l'application eComptes © SPW Intérieur et Action Sociale | P3: =[1]Coordonnées!P3 -> Version: | R3: 2
A6: Commentaires
B8: Budget 2026 de la commune de Welkenraedt Le service ordinaire : Les recettes ordinaires de l’exercice propre de 2026 sont estimées à 17.922.262,58 € et les dépenses à 17.874.400,94 €. En conséquence, l’exercice propre présente un résultat positif de 47.861,64€. Les dépenses pour 2026 se répartiront comme suit : - Frais de personnel : 50,28 % - Frais de transferts (Police, Pompiers, CPAS, déchets, subsides, etc.) : 25,64 % - Frais de fonctionnement : 14,86 % - Gestion de la dette : 9,05 % - Provisions : 0,17 % Les recettes seront principalement apportées à concurrence de : - 10.169.396,74 € par les impôts, taxes et redevances - 1.991.188,57 € par des subventions d'aides de la Région wallonne à la Promotion de l'Emploi (A.P.E.), Maribel, O.N.E, etc. - 1.984.863,72 € par le Fonds des communes - 1.039.027,30 € par diverses prestations - 1.030.292,36 € par des provisions - 807.745,91 € par des subventions de fonctionnement (Fédération Wallonie Bruxelles, etc.) - 487.816,60 € de recettes de dettes (remboursement d’emprunts par la Région wallonne, avances tiers et intérêts créditeurs) - 411.931,38 € par les bénéfices des dividendes des intercommunales Le service extraordinaire : En 2026, la valeur globale des investissements s’élèvera à 3.995.109,03 €. La couverture de ces dépenses sera effectuée par : - des emprunts à concurrence de 2.151.200,59 € (53,85%) - le fonds de réserve extraordinaire à raison de 1.184.213,07 € (29,64%) - des subsides à hauteur de 654.695,37 € (16,39%) - des ventes pour 5.000,00 € (0,12%) Les dépenses extraordinaires concernent principalement les projets suivants : 225.000,00€ pour l'aménagement d'un parc Chemin des Ecoliers à Henri-Chapelle, 95.038,00€ pour l'aménagement d'îlots avec plantations dans le cadre du subside RW "végétalisation de quartiers", 148.000,00€ pour l’aménagement d’une dalle de béton conteneur dépôt, 456.000,00€ pour l'entretien et l'amélioration de voiries, 240.000,00€ pour la creation d’une connexion cyclable et piétonne Aubel-Plombières, 610.648,00€ pour l'aménagement de deux zones d'immersion temporaire à Hockelbach (inondations), 260.000,00€ pour l’achat de véhicules, 86.183,41€ pour la rénovation de l’éclairage public en LED et 260.000,00€ pour isolation et étanchéïté de la toiture du Centre culturel.

Sheet Glossaire
A1: =Coordonnées!A1 -> Synthèse du Budget | G1: =Coordonnées!G1 -> Administration communale de Welkenraedt | X1: =Coordonnées!$U$1 -> Code INS | Y1: =Coordonnées!$V$1 -> 63084
X2: =Coordonnées!$U$2 -> Exercice: | Y2: =Coordonnées!$V$2 -> 2026
A3: =Coordonnées!A3 -> Modèle officiel généré par l'application eComptes © SPW Intérieur et Action Sociale | X3: =Coordonnées!$U$3 -> Version: | Y3: =Coordonnées!$V$3 -> 2
A6: Glossaire
A8: Termes | F8: Définitions:
A9: Exercice propre | F9: L'exercice du document allant du 1er janvier au 31 décembre
A10: Exercices antérieurs | F10: Les opérations antérieures à l'exercice propre
A11: Résultat global | F11: Le boni ou le mali de l'exercice propre cumulé avec celui des exercices antérieurs
A12: Dépenses de transfert | F12: Dépenses effectuées à destination de tiers à la commune (d'autres institutions, organismes, ménages ..)
A13: Recettes de transfert | F13: Recettes en provenance de tiers ( subsides, taxes, … )
A14: Recettes de prestation | F14: Recettes découlant de services payants rendus par la commune, de locations, de droits d'entrée …
A15: Dépenses de prélèvements | F15: Sommes prélevées sur les excédents budgétaires par la commune pour alimenter des fonds de réserves ordinaires ou extraordinaires (pour financer des dépenses d'investissement sur fonds propres ) ou des provisions ( pour faire face à des charges futures importantes )
A16: Recettes de prélèvements | F16: Utilisation des fonds de réserve et des provisions (constitués au moyen des dépenses de prélèvement)
A17: Ordinaire | F17: Les recettes et dépenses nécessaires au fonctionnement de la commune (taxes, subventions , salaires,électricité,fournitures,…)
A18: Extraordinaire | F18: Les dépenses et leurs moyens de financement afférentes aux investissements ( travaux importants, rénovations, achat de matériel et de véhicules etc … )
